 Dungeon Crawl Stone Soup version 0.31-a0-544-gceb718ecc6 (webtiles) character file.

Game seed: 16448978000891905557

197 Demosthentine the Poker (level 5, -5/41 HPs)
             Began as a Demonspawn Gladiator on Aug 15, 2023.
             Killed from afar by an orc wizard (6 damage)
             ... with a magic dart
             ... on level 4 of the Dungeon.
             The game lasted 00:04:24 (2054 turns).

Demosthentine the Poker (Demonspawn Gladiator)      Turns: 2054, Time: 00:04:25

Health: -5/41      AC:  5    Str: 16    XL:     5   Next: 46%
Magic:  5/5        EV: 15    Int: 10    God:
Gold:   127        SH:  4    Dex: 14    Spells: 4/4 levels left

rFire   . . .        a - +1 trident
rCold   . . .        (no shield)
rNeg    + . .        b - +0 leather armour
rPois   .            c - +0 helmet
rElec   .            (no cloak)
rCorr   .            (no gloves)
SInv    .            h - +0 pair of boots
Will    .....        (no amulet)
Stlth   +            j - ring of positive energy
HPRegen 0.26/turn    (no ring)
MPRegen 0.09/turn

%: no passive effects
@: no status effects
A: repulsion field 1, condensation shield
a: no special abilities


You were on level 4 of the Dungeon.
You visited 1 branch of the dungeon, and saw 4 of its levels.

You collected 127 gold pieces.

Inventory:

Hand Weapons
 a - a +1 trident (weapon)
Missiles
 d - 3 throwing nets (quivered)
 e - a javelin
Armour
 b - a +0 leather armour (worn)
 c - a +0 helmet (worn)
 h - a +0 pair of boots (worn)
Jewellery
 j - a ring of positive energy (left hand)
Wands
 g - a wand of light (14)
Scrolls
 f - a scroll of fog
 i - a scroll of blinking
 o - a scroll of poison
Potions
 k - a potion of heal wounds
 l - a potion of haste {unknown}
 n - 2 potions of degeneration {unknown}
 p - a potion of brilliance {unknown}
 q - a potion of curing {unknown}


   Skills:
 + Level 3.3 Fighting
 + Level 3.6 Polearms
 - Level 1.7 Throwing
 + Level 2.1 Armour
 + Level 3.6 Dodging


You had 4 spell levels left.
You didn't know any spells.
Your spell library was empty.

Dungeon Overview and Level Annotations

Branches:
Dungeon (4/15)
 Temple: D:4-7

Altars:

Annotations:
D:3 1 runed translucent door, BroadwayShuffle's ghost, amateur GnSh


Innate Abilities, Weirdness & Mutations

You are surrounded by a mild repulsion field. (EV +2)
A meltable shield of frost defends you. (SH +4)


Message History

You kill the orc!
You reach to attack!
You barely miss the orc.
The orc hits you from afar with a +0 trident!
The orc closely misses you.
The orc priest miscasts a cantrip.
You reach to attack!
You hit the orc.
The orc is heavily wounded.
The orc wizard gestures at you while chanting.
You are confused.
The orc misses you. The orc barely misses you.
Unknown command.
You're too confused to move!
The orc hits you from afar with a +0 trident.
The orc priest hits you with a +0 club.
The orc wizard points at you and mumbles some strange words.
You resist with some effort. The orc priest hits you with a +0 club.
The orc closely misses you.
Unknown command.
You barely miss the orc priest. The orc barely misses you.
The orc priest hits you with a +0 club.
The orc wizard hits you with a +0 dagger.
Unknown command.
The orc priest attacks as you move away!
The orc priest hits you with a +0 club.
The orc priest invokes the aid of Beogh against you.
Pain shoots through your body!
You feel less confused.
Unknown command.
The orc priest calls down the wrath of Beogh upon you.
You barely resist.
There is a stone staircase leading up here.
Unknown command.
You can't go down here!
The orc priest invokes the aid of Beogh against you.
Beogh smites you!
* * * LOW HITPOINT WARNING * * *
The orc wizard points at you and mumbles some strange words.
The magic dart hits you.
You die...

...................
..................
#.##..........##..
#.##..)######## ##
#.......# #..o....#
#.......# #.oo.#..#
####@...####
#........#
#........#
#........#
####....## ######


You could see an orc priest, an orc wizard and an orc.

Vanquished Creatures
  A howler monkey (D:3)
  2 orc wizards
  2 adders (D:3)
  An ufetubus (D:3)
  2 dart slugs (D:2)
  5 orcs
  4 endoplasms
  4 giant cockroaches
  3 hobgoblins
  6 jackals
  3 kobolds
  5 quokkas
  8 ball pythons
  3 bats
  5 frilled lizards
  11 goblins
  7 rats
72 creatures vanquished.

Notes
Turn   | Place    | Note
-------+----------+-------------------------------------------
     0 | D:1      | Demosthentine the Demonspawn Gladiator began the quest for
                  | the Orb.
     0 | D:1      | Reached XP level 1. HP: 16/16 MP: 1/1
   109 | D:1      | Gained mutation: You are surrounded by a mild repulsion
                  | field. (EV +2) [demonic ancestry]
   109 | D:1      | Reached XP level 2. HP: 22/22 MP: 2/2
   739 | D:2      | Reached skill level 1 in Armour
   739 | D:2      | Reached XP level 3. HP: 28/28 MP: 3/3
  1429 | D:3      | Reached XP level 4. HP: 34/34 MP: 4/4
  1440 | D:3      | Found a runed translucent door.
  1442 | D:3      | Noticed BroadwayShuffle's ghost (amateur GnSh)
  1444 | D:3      | Found the +3 Mad Mage's Maulers {Infuse+∞ VampMP -Cast}
  1872 | D:3      | Gained mutation: A meltable shield of frost defends you.
                  | (SH +4) [demonic ancestry]
  1872 | D:3      | Reached XP level 5. HP: 22/41 MP: 5/5
  2054 | D:4      | HP: 1/41 [orc priest/divine providence (16)]
  2054 | D:4      | Killed from afar by an orc wizard

Illustrated notes

Levels and vault maps discovered:
D:1:      lightli_arrival_flooded_house, layout_loops_ring
D:2:      layout_rooms
D:3:      layout_basic, ebering_ghost_inner_flame
D:4:      layout_gridville, minmay_temple_entry_statues_pillars, uniq_duvessa,
          uniq_edmund, uniq_menkaure

Skill      XL: |  1  2  3  4 |
---------------+-------------+-----
Polearms       | 3 |  3.6
Dodging        | 3 |  3.6
Armour         | 1 2 |  2.1
Fighting       | 3 |  3.3
Throwing       | |  1.7

Action                     |  1- 3 |  4- 6 || total
---------------------------+-------+-------++-------
  Melee: Trident           |   142 |    77 ||   219
         Punch             |       |     2 ||     2
    Use: Scroll            |     6 |     2 ||     8
         Potion            |       |     1 ||     1
   Stab: Sleeping          |     1 |       ||     1
 Armour: Leather armour    |    38 |    23 ||    61
  Dodge: Dodged            |    77 |    73 ||   150
  Block: Other             |       |     5 ||     5

Table legend: (Time is in decaauts)
 A = Elapsed time spent in this place.
 B = Non-inter-level travel time spent in this place.
 C = Inter-level travel time spent in this place.
 D = Time resting spent in this place.
 E = Time spent auto-exploring this place.
 F = Levels seen in this place.
 G = Mean time per level.
                   A        B        C        D        E       F      G
               +--------+--------+--------+--------+--------+-----+--------+
         Total |   2089 |   2018 |     71 |    234 |   1279 |   4 |  522.2 |
       Dungeon |   2089 |   2018 |     71 |    234 |   1279 |   4 |  522.2 |
               +--------+--------+--------+--------+--------+-----+--------+

Top non-repeatable levels by time:
     D:1: 745 daAuts
     D:3: 736 daAuts
     D:2: 505 daAuts
     D:4: 102 daAuts
